 Dungeon Sprint DCSS version 0.24-a0-809-g71cb82dfb8 (webtiles) character file.

Game seed: 4790375001282268990, levelgen mode: deterministic

7800000 MisterOstroum the Conqueror (level 27, -17/323 HPs)
             Began as an Ogre Monk on Oct 11, 2019.
             Was the Champion of Makhleb.
             Demolished by a destroyer
             ... wielding a +9 great sword of slicing
              (175 damage)
             ... in the Dungeon (Sprint VIII: "Arena of Blood").
             The game lasted 00:03:02 (78 turns).

MisterOstroum the Conqueror (Ogre Monk)               Turns: 78, Time: 00:03:02

Health: -17/323    AC:  5    Str: 23    XL:     27
Magic:  32/54      EV: 32    Int: 11    God:    Makhleb [******]
Gold:   0          SH:  0    Dex: 20    Spells: 80/80 levels left

rFire    . . .     SeeInvis .   j - +∞ Axe of Woe
rCold    . . .     Gourm    .   (shield currently unavailable)
rNeg     . . .     Faith    .   b - +0 robe
rPois    .         Spirit   .   (helmet restricted)
rElec    .         Reflect  .   (no cloak)
rCorr    .         Harm     .   (gloves unavailable)
MR       ++...     NoTele   +   (boots unavailable)
Stlth    +++++++++.             (no amulet)
HPRegen  0.63/turn              (no ring)
MPRegen  0.34/turn              (no ring)

@: no status effects
A: large, unfitting armour, tough skin 1
a: Minor Destruction, Lesser Servant of Makhleb, Major Destruction, Greater
Servant of Makhleb, Renounce Religion


You were in the Dungeon.
You worshipped Makhleb.
Makhleb was exalted by your worship.
You were not hungry.

You visited 1 branch

Inventory:

Hand Weapons
 a - a +0 hand axe
 j - the +∞ Axe of Woe (weapon)
   (You found it in the Dungeon)
Armour
 b - a +0 robe (worn)
Scrolls
 i - a scroll of blinking {@r4}
Potions
 c - a potion of heal wounds {@q2 !q}
 d - a potion of curing {@q1 !q}
 f - a potion of haste {@q4 !q}
 g - 2 potions of magic
 h - a potion of berserk rage
Comestibles
 e - a ration


   Skills:
 O Level 27 Fighting
 O Level 27 Axes
 O Level 27 Throwing
 O Level 27 Armour
 O Level 27 Dodging
 O Level 27 Stealth
 O Level 27 Unarmed Combat
 O Level 27 Spellcasting
 O Level 27 Invocations


You had 80 spell levels left.
You didn't know any spells.
Your spell library was empty.

Dungeon Overview and Level Annotations

Branches:
Dungeon (1/1)

Altars:
Makhleb


Innate Abilities, Weirdness & Mutations

You are too large for most types of armour.
You have tough skin. (AC +1)


Message History

A bag of meat comes into view. It is wielding a +9 war axe.
You hear a shout!
A bag of meat comes into view. It is wielding a +9 war axe.
You hear a shout! x2
A bag of meat comes into view. It is wielding a +9 war axe.
The destroyer blinks!
Unknown command.
Press < or > to pray at altars.
Unknown command.
Press < or > to pray at altars.
You slice the bag of meat!!
You fatally mangle the bag of meat.
You kill the bag of meat!
Makhleb accepts your kill.
You feel better.
You are engulfed in blazing flames.
You hear a shout!
The dread is engulfed in blazing flames.
The dread throws damnation at you.
The sphere of damnation explodes!
The damnation engulfs you!!
The tyrant is engulfed in blazing flames.
You hear a shout!
The destroyer is engulfed in blazing flames.
You hear a shout!
The corpses begin to drag themselves along the ground!
The bag of meat is engulfed in blazing flames.
You hear a shout! x2 3 crawling corpses come into view.
You carve the tyrant like a ham!!!
You pulverise the tyrant into a thin bloody mist.
You destroy the tyrant!
Makhleb accepts your kill.
You feel better.
The tentacled monstrosity disappears in a puff of smoke!
The large abomination disappears in a puff of smoke! x3
You hit the bag of meat.
You cleave the bag of meat in twain.
You kill the bag of meat!
Makhleb accepts your kill.
You feel better.
You hit the destroyer.
You cleave the destroyer in twain.
You destroy the destroyer!
Makhleb accepts your kill.
You slash the crawling corpse!
You butcher the crawling corpse messily.
You destroy the crawling corpse!
You are engulfed in blazing flames.
You hear a shout! x2
The dread is engulfed in blazing flames.
The dread throws damnation at you.
The sphere of damnation explodes!
The damnation engulfs you!!!
You hear a shout!
The destroyer is engulfed in blazing flames.
You hear a shout!
The meat beast is engulfed in blazing flames.
You slice the destroyer!!
You pulverise the destroyer into a thin bloody mist.
You destroy the destroyer!
Makhleb accepts your kill.
You feel better.
You are engulfed in blazing flames.
The meat beast is engulfed in blazing flames.
The meat beast croaks, "Return whence thou came, thou dissembling base-court minnow reeky!"
A bag of meat comes into view. It is wielding a +9 war axe.
You hear a shout! x4
The bag of meat is engulfed in blazing flames. x3
The meat berserker rages.
The destroyer blinks!
You hear a shout! x2
The dread is engulfed in blazing flames.
You slice the bag of meat!!
You pulverise the bag of meat into a thin bloody mist.
You kill the bag of meat!
Makhleb accepts your kill.
You feel better.
You slash the dread!
You cleave the dread in twain.
You destroy the dread!
Makhleb accepts your kill.
You feel better.
You slice the crawling corpse!!
You pulverise the crawling corpse into a thin bloody mist.
You destroy the crawling corpse!
You slice the meat beast!!
You cleave the meat beast in twain.
You kill the meat beast!
Makhleb accepts your kill.
You feel better.
You slash the bag of meat!
You pulverise the bag of meat into a thin bloody mist.
You kill the bag of meat!
Makhleb accepts your kill.
You are engulfed in blazing flames.
You hear a shout!
The dread calls on the powers of darkness!
Your body is wracked with pain!
The bag of meat convulses!
The large bag of meat convulses!
The meat berserker convulses!
You hear a shout!
The meat berserker is engulfed in blazing flames.
You hear a shout! x2
The corpses begin to drag themselves along the ground!
You hear a shout! x2
The bag of meat is engulfed in blazing flames.
A bag of meat comes into view.
It is wielding a +9 war axe. 2 crawling corpses come into view.
A destroyer comes into view.
It is wielding a +9 great sword of slicing.
The meat berserker is engulfed in blazing flames.
The destroyer hits you with a +9 great sword of slicing!!!!!
Ouch! That really hurt!
You die...

...........
...........
....o.....
#..Oo...# .
#....°.°# ..
..###%..§§)o###...
.....%.###z○oo.%..
.....%V§§○°oOo..§.
.....#o@)Ox#xo....
... #_xW§_#§.§...
...O.#)))x§#.O.o..
....§W)._)%....o..
.......###....V.o.
..###.. ...###oOV
. #%. .%.# . #..
...# ... .....


You could see 2 destroyers, a sculptor of flesh, a large bag of meat (inner
flame), 2 dreads, a meat berserker (berserk), 6 bags of meat and 3 crawling
corpses.

Vanquished Creatures
  A hell beast (D)
  A greater mummy (D)
  A wraith (D)
  15 vampire knights (D)
  25 ogres (D)
  6 two-headed ogres (D)
  3 liches (D)
  34 orcs (D)
  4 skeletal warriors (D)
  6 large abominations (D)
  7 small abominations (D)
  6 crawling corpses (D)
109 creatures vanquished.

Notes
Turn   | Place    | Note
-------+----------+-------------------------------------------
     0 | D        | Found the +∞ Axe of Woe
     0 | D        | MisterOstroum the Ogre Monk began the quest for the Orb.
     0 | D        | Reached XP level 1. HP: 24/24 MP: 1/1
     2 | D        | Noticed a bag of meat
     4 | D        | Became a worshipper of Makhleb the Destroyer
     4 | D        | Reached * piety under Makhleb
     4 | D        | Reached ** piety under Makhleb
     5 | D        | Noticed a meat berserker
     5 | D        | Noticed a bag of meat
     7 | D        | Noticed a meat berserker
     7 | D        | Killed a meat berserker
     7 | D        | Reached skill level 15 in Axes
     7 | D        | Reached XP level 2. HP: 78/78 MP: 2/2
     7 | D        | Reached XP level 3. HP: 87/87 MP: 3/3
     7 | D        | Reached XP level 4. HP: 97/97 MP: 4/4
     7 | D        | Reached XP level 5. HP: 106/106 MP: 5/5
     7 | D        | Reached XP level 6. HP: 115/115 MP: 6/6
     7 | D        | Reached XP level 7. HP: 124/124 MP: 7/7
     7 | D        | Reached XP level 8. HP: 135/135 MP: 8/8
     7 | D        | Reached XP level 9. HP: 144/144 MP: 9/9
     7 | D        | Reached XP level 10. HP: 154/154 MP: 10/10
     7 | D        | Reached XP level 11. HP: 162/162 MP: 11/11
     7 | D        | Reached XP level 12. HP: 172/172 MP: 12/12
     7 | D        | Reached XP level 13. HP: 182/182 MP: 13/13
     8 | D        | Killed a bag of meat
     8 | D        | Reached skill level 27 in Fighting
     8 | D        | Reached skill level 15 in Dodging
     8 | D        | Reached XP level 14. HP: 198/198 MP: 14/14
     8 | D        | Noticed a bag of meat
     9 | D        | Killed a meat berserker
     9 | D        | Reached *** piety under Makhleb
     9 | D        | Reached XP level 15. HP: 206/206 MP: 15/15
    11 | D        | Reached XP level 16. HP: 217/217 MP: 16/16
    14 | D        | Noticed a meat berserker
    14 | D        | Noticed a meat berserker
    15 | D        | Killed a meat berserker
    18 | D        | Killed a meat berserker
    18 | D        | Reached **** piety under Makhleb
    18 | D        | Reached XP level 17. HP: 226/226 MP: 17/17
    19 | D        | Noticed a meat berserker
    20 | D        | Reached skill level 27 in Axes
    20 | D        | Reached XP level 18. HP: 236/236 MP: 18/18
    20 | D        | Noticed a meat berserker
    21 | D        | Noticed a meat berserker
    21 | D        | Noticed a destroyer
    22 | D        | Reached ***** piety under Makhleb
    22 | D        | Reached skill level 27 in Dodging
    24 | D        | Noticed a destroyer
    24 | D        | Killed a meat berserker
    24 | D        | Reached skill level 27 in Armour
    24 | D        | Reached XP level 19. HP: 203/245 MP: 18/32
    24 | D        | Noticed a destroyer
    25 | D        | Noticed a large bag of meat
    25 | D        | Noticed a meat berserker
    26 | D        | Killed a meat berserker
    26 | D        | Reached skill level 27 in Invocations
    26 | D        | Killed a destroyer
    26 | D        | Reached XP level 20. HP: 256/256 MP: 18/38
    26 | D        | Noticed a meat berserker
    27 | D        | Killed a meat berserker
    27 | D        | Reached skill level 15 in Unarmed Combat
    27 | D        | Noticed a large bag of meat
    27 | D        | Noticed a destroyer
    28 | D        | Killed a destroyer
    28 | D        | Reached XP level 21. HP: 265/265 MP: 18/46
    32 | D        | Reached ****** piety under Makhleb
    33 | D        | Killed a meat berserker
    33 | D        | Reached XP level 22. HP: 275/275 MP: 20/50
    34 | D        | Noticed a destroyer
    34 | D        | Noticed a destroyer
    35 | D        | Killed a destroyer
    35 | D        | Reached skill level 27 in Spellcasting
    35 | D        | Killed a destroyer
    35 | D        | Reached skill level 27 in Throwing
    35 | D        | Reached skill level 27 in Unarmed Combat
    35 | D        | Reached XP level 23. HP: 284/284 MP: 20/54
    35 | D        | Noticed a large bag of meat
    36 | D        | Reached skill level 27 in Stealth
    37 | D        | Killed a large bag of meat
    38 | D        | Reached XP level 24. HP: 295/295 MP: 21/54
    39 | D        | Noticed a large bag of meat
    40 | D        | Noticed a destroyer
    41 | D        | Killed a destroyer
    41 | D        | Noticed a destroyer
    43 | D        | Killed a large bag of meat
    43 | D        | Reached XP level 25. HP: 304/304 MP: 22/54
    43 | D        | Killed a destroyer
    43 | D        | Killed a large bag of meat
    43 | D        | Noticed a destroyer
    43 | D        | Noticed a destroyer
    44 | D        | Reached XP level 26. HP: 314/314 MP: 22/54
    47 | D        | Killed a destroyer
    47 | D        | Reached XP level 27. HP: 323/323 MP: 23/54
    48 | D        | Killed a large bag of meat
    48 | D        | Killed a destroyer
    48 | D        | Noticed a large bag of meat
    48 | D        | Noticed a destroyer
    49 | D        | Noticed an accursed
    49 | D        | Noticed a tyrant
    56 | D        | Noticed a tyrant
    57 | D        | Killed an accursed
    58 | D        | Noticed a destroyer
    59 | D        | Killed a tyrant
    59 | D        | Noticed a large bag of meat
    60 | D        | Killed a destroyer
    63 | D        | Noticed a destroyer
    63 | D        | Noticed a dread
    64 | D        | Killed a large bag of meat
    64 | D        | Noticed a destroyer
    65 | D        | Killed a destroyer
    66 | D        | Killed a tyrant
    66 | D        | Noticed a dread
    68 | D        | Noticed a destroyer
    68 | D        | Killed a destroyer
    68 | D        | Killed a destroyer
    68 | D        | Noticed a tyrant
    70 | D        | Killed a destroyer
    70 | D        | Noticed a large bag of meat
    71 | D        | Killed a large bag of meat
    71 | D        | Noticed a destroyer
    71 | D        | Noticed a dread
    72 | D        | Noticed a meat beast
    75 | D        | Killed a tyrant
    75 | D        | Killed a destroyer
    76 | D        | Killed a destroyer
    77 | D        | Killed a dread
    77 | D        | Killed a meat beast
    78 | D        | Noticed a destroyer
    78 | D        | Demolished by a destroyer

Levels and vault maps discovered:
D:        meatsprint

Skill      XL: |  1  2  3  4  5  6  7  8  9 10 11 12 13 14 15 16 17 18 19 20 21 22 23 |
---------------+----------------------------------------------------------------------+-----
Fighting       | 25 27 | 27.0
Axes           | 15 16 19 22 25 27 | 27.0
Armour         | 13 14 17 19 22 24 27 | 27.0
Dodging        | 14 15 18 20 24 25 27 | 27.0
Invocations    | 19 27 | 27.0
Throwing       | 13 19 22 27 | 27.0
Stealth        | 11 17 20 25 27 | 27.0
Unarmed Combat | 12 18 21 27 | 27.0
Spellcasting   | 14 21 24 27 | 27.0

Action                   |  1- 3 |  4- 6 |  7- 9 | 10-12 | 13-15 | 16-18 | 19-21 | 22-24 | 25-27 || total
-------------------------+-------+-------+-------+-------+-------+-------+-------+-------+-------++-------
Melee: Executioner's axe |     1 |       |       |       |     3 |     5 |     6 |     8 |    26 ||    49
Invok: Greater Servant o |       |       |       |       |       |       |       |       |     4 ||     4
       Major Destruction |       |       |       |       |       |       |       |       |     1 ||     1
Dodge: Dodged            |       |       |       |       |     1 |     1 |       |       |     3 ||     5

Table legend:
 A = Non-vault XP
 B = Vault XP
 C = Vault XP percentage of total XP
 D = Non-vault monster count
 E = Vault monster count
 F = Vault count percentage of total count
                 A         B        C        D         E       F
            +---------+---------+-------+---------+---------+-------
      Total | 2200627 |  792611 |  26.5 |      66 |      37 |  35.9
            +---------+---------+-------+---------+---------+-------
          D | 2200627 |  792611 |  26.5 |      66 |      37 |  35.9
            +---------+---------+-------+---------+---------+-------
